 Dungeon Crawl Stone Soup version 0.24-a0-498-ge00f04a (webtiles) character file.

Game seed: 6750104703813294489

515 silenth the Digger (level 7, -1/38 HPs)
             Began as a Deep Elf Earth Elementalist on July 14, 2019.
             Slain by an ice beast (13 damage)
             ... on level 4 of the Dungeon.
             The game lasted 00:08:12 (3604 turns).

silenth the Digger (Deep Elf Earth Elementalist)    Turns: 3604, Time: 00:08:12

Health: -1/38      AC:  3    Str:  5    XL:     7   Next: 0%
Magic:  11/17      EV: 13    Int: 22    God:
Gold:   218        SH:  0    Dex: 15    Spells: 10/16 levels left

rFire    + . .     SeeInvis .   a - +0 scimitar
rCold    . . .     Gourm    .   (no shield)
rNeg     . . .     Faith    .   c - +0 robe
rPois    +         Spirit   .   (no helmet)
rElec    .         Reflect  .   d - scarf {repulsion}
rCorr    .         Harm     .   y - +0 pair of gloves
MR       .....                  (no boots)
Stlth    ++........             m - amulet of magic regeneration
HPRegen  0.12/turn              g - ring of poison resistance
MPRegen  0.40/turn              z - ring of protection from fire

@: repel missiles
A: no striking features
a: no special abilities


You were on level 4 of the Dungeon.
You were hungry.

You visited 2 branches of the dungeon, and saw 6 of its levels.

You collected 218 gold pieces.

Inventory:

Hand Weapons
 a - a +0 scimitar (weapon)
 f - a +0 whip
 h - a +0 dagger
 C - a +2 short sword of speed
Missiles
 b - 243 stones (quivered)
Armour
 c - a +0 robe (worn)
 d - a scarf of repulsion (worn)
 t - a +0 pair of boots
 y - a +0 pair of gloves (worn)
 A - a +0 shield
Jewellery
 g - a ring of poison resistance (left hand)
 m - an amulet of magic regeneration (around neck)
 z - a ring of protection from fire (right hand)
Scrolls
 j - a scroll of identify {unknown}
 o - 5 scrolls of teleportation {unknown}
 q - 3 scrolls of blinking {unknown}
 r - 5 scrolls of remove curse {unknown}
 s - a scroll of immolation {unknown}
 u - 2 scrolls of enchant weapon {unknown}
 w - a scroll of noise {unknown}
 x - a scroll of enchant armour {unknown}
Potions
 i - a potion of flight {unknown}
 k - a potion of haste {unknown}
 l - 2 potions of agility {unknown}
 n - a potion of brilliance {unknown}
 p - a potion of magic {unknown}
 v - 2 potions of degeneration {unknown}
 B - a potion of heal wounds {unknown}
 D - a potion of lignification {unknown}
Comestibles
 e - 12 rations


   Skills:
 + Level 1.0 Fighting
 - Level 2.4 Dodging
 - Level 2.4 Stealth
 + Level 5.3 Spellcasting
 * Level 3.9 Conjurations
 - Level 1.1 Transmutations
 * Level 6.4 Earth Magic


You had 10 spell levels left.
You knew the following spells:

 Your Spells              Type           Power        Failure   Level  Hunger
a - Sandblast             Erth           ####..       1%          1    None
b - Passwall              Tmut/Erth      ###.....     3%          2    None
c - Stone Arrow           Conj/Erth      ####..       3%          3    ##.....

Your spell library contained the following spells:

 Spells                   Type           Power        Failure   Level  Hunger
 Lee's Rapid Deconstruct  Erth           ####......   19%         5    #####..
 Petrify                  Tmut/Erth      ###.....     21%         4    ####...


Dungeon Overview and Level Annotations

Branches:
Dungeon (5/15)             Temple (1/1) D:4

Altars:
Ashenzari
Cheibriados
Elyvilon
Fedhas
Gozag
Hepliaklqana
Kikubaaqudgha
Makhleb
Ru
Uskayaw
Wu Jian
Xom
Zin
Jiyva

Annotations:
D:4 1 runed translucent door, ssg's ghost, amateur DsGl


Message History

b - 244 stones The ice beast hits you.
The ice beast freezes you!
Casting: Sandblast (safe; 1% risk of failure)
Confirm with . or Enter, or press ? or * to list all spells.
Aiming: Sandblast (safe; 1% risk of failure)
Press: ? - help, Shift-Dir - straight line, f/p - ice beast
Aim: an ice beast (moderately wounded)
The blast of sand misses the ice beast.
b - 243 stones The ice beast completely misses you.
Casting: Sandblast (safe; 1% risk of failure)
Confirm with . or Enter, or press ? or * to list all spells.
Aiming: Stone Arrow (safe; 3% risk of failure)
Press: ? - help, Shift-Dir - straight line, f/p - ice beast
Aim: an ice beast (moderately wounded)
The stone arrow hits the ice beast!
The ice beast is heavily wounded.
You are feeling hungry.
The ice beast hits you. The ice beast freezes you!
You die...

#..## #..... .....+
#.... .....#......#
#.... ....#......#
#.... ...#......# #....
.. ......▒ #.... #.
......▒≈▒ #####
#####Y##....#▒?▒####...
#.....@'....#▒W▒...#...
#......#....#▒S▒...#...
#..#####....#▒F▒#......
#. #....####▒S▒#.#####
#....+...▒+▒...# #
#....#.........# #
######..†.#..#..#+#.# #
#.......###..#..###+##
#.......'....+.(#....#


You could see an ice beast.

Vanquished Creatures
  An ogre (D:4)
  A crimson imp (D:3)
  A hound (D:5)
  3 jellies (D:2)
  3 iguanas
  A hound zombie (D:5)
  6 gnolls
  An adder (D:4)
  10 oozes
  A worm (D:5)
  A dart slug (D:4)
  4 leopard geckos
  2 orcs
  6 bats
  A giant cockroach (D:2)
  10 goblins
  2 hobgoblins
  18 kobolds
  A ball python (D:3)
  3 frilled lizards
  A jackal skeleton (D:5)
  A quokka zombie (D:3)
  10 rats
88 creatures vanquished.

Vanquished Creatures (others)
  2 fungi (D:2)
  A plant (D:1)
  9 toadstools (D:2)
12 creatures vanquished.

Grand Total: 100 creatures vanquished

Notes
Turn   | Place    | Note
-------+----------+-------------------------------------------
     0 | D:1      | silenth the Deep Elf Earth Elementalist began the quest for
                  | the Orb.
     0 | D:1      | Reached XP level 1. HP: 10/10 MP: 6/6
   188 | D:1      | Reached XP level 2. HP: 15/15 MP: 6/8
   321 | D:1      | Reached skill level 4 in Earth Magic
   742 | D:2      | Reached XP level 3. HP: 19/19 MP: 7/10
   747 | D:2      | Reached skill level 4 in Spellcasting
   951 | D:2      | Learned a level 2 spell: Passwall
   955 | D:2      | Learned a level 3 spell: Stone Arrow
  1092 | D:2      | Reached XP level 4. HP: 24/24 MP: 10/12
  1158 | D:2      | Found a white marble altar of Elyvilon.
  1498 | D:2      | Reached skill level 1 in Conjurations
  1498 | D:2      | Reached skill level 5 in Earth Magic
  1514 | D:2      | Reached XP level 5. HP: 28/28 MP: 10/13
  1516 | D:2      | Reached skill level 2 in Conjurations
  2013 | D:3      | Found an ancient bone altar of Kikubaaqudgha.
  2315 | D:3      | Reached XP level 6. HP: 32/32 MP: 12/15
  2363 | D:3      | Reached skill level 3 in Conjurations
  2963 | D:4      | Found a staircase to the Ecumenical Temple.
  2966 | D:4      | Reached skill level 5 in Spellcasting
  2987 | Temple   | Entered the Ecumenical Temple
  3176 | D:4      | Reached skill level 6 in Earth Magic
  3219 | D:4      | You fall into a shaft and drop 1 floor!
  3219 | D:5      | Entered Level 5 of the Dungeon
  3476 | D:4      | Reached skill level 1 in Fighting
  3557 | D:4      | Found a runed translucent door.
  3559 | D:4      | Noticed ssg's ghost (amateur DsGl)
  3582 | D:4      | Reached XP level 7. HP: 38/38 MP: 13/17
  3604 | D:4      | Slain by an ice beast

Levels and vault maps discovered:
D:1:      lemuel_arrival_rhombus, layout_rooms, minmay_misc_feat_columns,
          lexackson_kobold_supper
D:2:      cheibrodos_fertilizer, layout_basic, elyvilon_altar_1, first_ration,
          glass_columns_a
D:3:      layout_basic, old_standard_altar, bh_chokoban
D:4:      layout_gridville, minmay_temple_entry_stoned_glass,
          ebering_ghost_sewer_d, supply_closet_lemuel,
          kennysheep_generic_room_14, uniq_natasha
D:5:      layout_rooms, dk_noncrumbling_2, grunt_ministairs_4
Temple:   pf_slimified_temple

Skill      XL: |  1  2  3  4  5  6 |
---------------+-------------------+-----
Earth Magic    | 4 5 6 |  6.4
Spellcasting   | 4 5 |  5.3
Conjurations   | 1 2 3 |  3.9
Fighting       | 1 |  1.0
Dodging        | |  2.4
Stealth        | |  2.4
Transmutations | |  1.1

Action                   |  1- 3 |  4- 6 |  7- 9 || total
-------------------------+-------+-------+-------++-------
Melee: Whip              |     7 |       |       ||     7
       Dagger            |    18 |    29 |       ||    47
       Scimitar          |       |     5 |       ||     5
 Cast: Sandblast         |    44 |    69 |     6 ||   119
       Stone Arrow       |       |     3 |     1 ||     4
  Eat: Chunk             |       |     1 |       ||     1
       Ration            |       |     2 |       ||     2
Armor: Robe              |     6 |     6 |       ||    12
Dodge: Dodged            |    24 |    38 |     1 ||    63
       Deflected         |     2 |     3 |       ||     5
       Rpst.: Scimitar   |       |     2 |       ||     2

Table legend:
 A = Non-vault XP
 B = Vault XP
 C = Vault XP percentage of total XP
 D = Non-vault monster count
 E = Vault monster count
 F = Vault count percentage of total count
                 A         B        C        D         E       F
            +---------+---------+-------+---------+---------+-------
      Total |     526 |     210 |  28.5 |      61 |      27 |  30.7
            +---------+---------+-------+---------+---------+-------
        D:1 |      27 |      10 |  27.0 |      18 |       8 |  30.8
        D:2 |      55 |     200 |  78.4 |      11 |      19 |  63.3
        D:3 |     124 |       0 |   0.0 |      20 |       0 |   0.0
        D:4 |     211 |       0 |   0.0 |       7 |       0 |   0.0
        D:5 |     109 |       0 |   0.0 |       5 |       0 |   0.0
            +---------+---------+-------+---------+---------+-------
